 Dungeon Crawl Stone Soup version 0.29.1-13-g9f3cf754e1 (webtiles) character file.

Game seed: 11618400234557659161

28 nshep25 the Trooper (level 2, -7/27 HPs)
             Began as a Minotaur Fighter on Feb 2, 2023.
             Mangled by an orc wizard
             ... wielding a +5 dagger
              (8 damage)
             ... on level 2 of the Dungeon.
             The game lasted 00:01:07 (955 turns).

nshep25 the Trooper (Minotaur Fighter)               Turns: 955, Time: 00:01:07

Health: -7/27      AC:  7    Str: 20    XL:     2   Next: 96%
Magic:  1/1        EV:  9    Int:  5    God:
Gold:   80         SH:  0    Dex:  9    Spells: 1/1 levels left

rFire   . . .      SeeInvis .   a - +0 war axe
rCold   . . .      Faith    .   c - +0 buckler
rNeg    . . .      Spirit   .   b - +0 scale mail
rPois   .          Reflect  .   (helmet restricted)
rElec   .          Harm     .   (no cloak)
rCorr   .          Rampage  .   (no gloves)
Will    .....                   (no boots)
Stlth   ..........              (no amulet)
HPRegen 0.09/turn               (no ring)
MPRegen 0.07/turn               (no ring)

@: confused
A: horns 2, retaliatory headbutt
a: no special abilities


You were on level 2 of the Dungeon.
You visited 1 branch of the dungeon, and saw 2 of its levels.

You collected 80 gold pieces.

Inventory:

Hand Weapons
 a - a +0 war axe (weapon)
Missiles
 g - 5 javelins (quivered)
Armour
 b - a +0 scale mail (worn)
 c - a +0 buckler (worn)
Scrolls
 f - a scroll of identify {unknown}
 h - 2 scrolls of enchant armour {unknown}
 j - a scroll of blinking {unknown}
 k - a scroll of teleportation {unknown}
Potions
 d - a potion of might
 e - a potion of experience {unknown}
 i - 3 potions of curing {unknown}


   Skills:
 + Level 4.2 Fighting
 + Level 2.8 Axes
 + Level 4.0 Armour
 + Level 0.2 Dodging
 + Level 3.9 Shields


You had one spell level left.
You didn't know any spells.
Your spell library contained the following spells:

 Spells                   Type           Power      Damage    Failure   Level
 Malign Gateway           Summ/Tloc      0%         N/A       100%        7
 Summon Horrible Things   Summ           0%         N/A       100%        8


Dungeon Overview and Level Annotations

Branches:
Dungeon (2/15)

Altars:


Innate Abilities, Weirdness & Mutations

You have a pair of horns on your head.
You reflexively headbutt those who attack you in melee.


Message History

You barely miss the orc wizard.
The orc wizard hits you with a +5 dagger!
The orc wizard hits you with a +5 dagger.
You barely miss the orc wizard. Your headbutt misses the orc wizard.
The orc wizard hits you with a +5 dagger.
An orc comes into view. It is wielding a +0 hand axe.
You miss the orc wizard.
The orc shouts!
You hit the orc but do no damage. The orc wizard casts a spell at you.
The magic dart hits you. The orc hits you with a +0 falchion.
The orc wizard barely misses you. The orc closely misses you.
An orc comes into view. It is wielding a +0 whip.
The orc shouts!
You hear an angry hiss.
A ball python comes into view.
You see here a bat corpse.
You bump into the rock wall.
You feel less confused. The orc wizard closely misses you.
You barely miss the orc wizard. You headbutt the orc wizard!
The orc wizard is severely wounded.
You barely miss the orc. You hit the orc.
The orc wizard gestures at you while chanting.
You are confused.
The orc barely misses you. The orc closely misses you.
You closely miss the orc wizard. Your headbutt misses the orc wizard.
The orc wizard is severely wounded.
You closely miss the orc. You hit the orc. The orc wizard closely misses you.
The orc hits you but does no damage. The orc hits you with a +0 falchion.
You hit the orc.
The orc is heavily wounded.
You closely miss the orc wizard. You barely miss the orc.
The orc wizard hits you with a +5 dagger.
* * * LOW HITPOINT WARNING * * *
The orc closely misses you. The orc hits you with a +0 falchion.
* * * LOW HITPOINT WARNING * * *
The orc hits you with a +0 falchion.
* * * LOW HITPOINT WARNING * * *
The orc wizard hits you with a +5 dagger!
You die...

# #. .....(# #.#. ###
#.....# ... ..# #.....#
#.###.# #.....# #.....#
#.....# #...S.###.....#
#.#.)oo.......#
#.oo@.#.....#
###############.........#
................#†.###.##
#################..# # #
#..# # #... ### #.#.. ..#
#.#... ..# #.##...


You could see an orc wizard, 3 orcs and a ball python.

Vanquished Creatures
  2 dart slugs
  2 giant cockroaches (D:1)
  2 hobgoblins (D:1)
  2 quokkas
  3 ball pythons
  2 bats
  4 goblins (D:1)
  3 kobolds
  2 rats
22 creatures vanquished.

Notes
Turn   | Place    | Note
-------+----------+-------------------------------------------
     0 | D:1      | nshep25 the Minotaur Fighter began the quest for the Orb.
     0 | D:1      | Reached XP level 1. HP: 19/19 MP: 0/0
    99 | D:1      | Found a faded altar of an unknown god.
   196 | D:1      | Reached XP level 2. HP: 27/27 MP: 1/1
   955 | D:2      | HP: 1/27 [orc/+0 falchion (6)]
   955 | D:2      | Mangled by an orc wizard

Illustrated notes

Levels and vault maps discovered:
D:1:      minmay_arrival_shattered_statue, layout_loops_ring,
          ebering_ecumenical_altar_sacrificial
D:2:      layout_basic

Skill      XL: |  1  2 |
---------------+-------+-----
Fighting       | 4 |  4.2
Armour         | 4 |  4.0
Axes           | |  2.8
Dodging        | |  0.2
Shields        | |  3.9

Action                   || total
-------------------------++-------
Melee: War axe           ||    50
       Headbutt          ||     6
Armor: Scale mail        ||    16
Dodge: Dodged            ||    28
Block: Buckler           ||    14
